 Dungeon Crawl Stone Soup version 0.23-a0-356-g1757c6e (webtiles) character file.

534 Gildeon the Conjurer (level 7, 0/37 HPs)
             Began as a Deep Elf Conjurer on Oct 19, 2018.
             Was a Follower of Vehumet.
             Killed by divine providence
             ... invoked by an orc priest
              (16 damage)
             ... on level 5 of the Dungeon on Oct 21, 2018.
             The game lasted 00:26:08 (4424 turns).

Gildeon the Conjurer (Deep Elf Conjurer)            Turns: 4424, Time: 00:26:08

Health: 0/37       AC:  3    Str:  5    XL:     7   Next: 4%
Magic:  13/16      EV: 20    Int: 22    God:    Vehumet [*.....]
Gold:   184        SH:  0    Dex: 20    Spells: 1/16 levels left

rFire    . . .     SeeInvis .   i - +0 dagger
rCold    . . .     Gourm    .   (no shield)
rNeg     + . .     Faith    .   a - +0 robe
rPois    .         Spirit   .   (no helmet)
rElec    .         Reflect  .   (no cloak)
rCorr    .         Harm     .   m - +0 pair of gloves
MR       .....                  (no boots)
Stlth    ++++......             (no amulet)
HPRegen  0.12/turn              g - ring of positive energy
MPRegen  0.15/turn              (no ring)

@: agile
A: no striking features
a: Renounce Religion


You were on level 5 of the Dungeon.
You worshipped Vehumet.
Vehumet was aware of your devotion.
You were not hungry.

You visited 1 branch of the dungeon, and saw 5 of its levels.

You collected 184 gold pieces.

Inventory:

Hand Weapons
 i - a +0 dagger (weapon)
Missiles
 u - 50 stones (quivered)
Armour
 a - a +0 robe (worn)
 m - a +0 pair of gloves (worn)
Jewellery
 g - a ring of positive energy (left hand)
Wands
 r - a wand of polymorph (15)
Scrolls
 h - 4 scrolls of enchant armour
 j - 3 scrolls of amnesia {unknown}
 n - 2 scrolls of enchant weapon {unknown}
 o - 2 scrolls of remove curse {unknown}
 p - 4 scrolls of fear
 q - 2 scrolls of teleportation {unknown}
Potions
 b - a potion of agility
 f - a potion of magic
 l - a potion of ambrosia {unknown}
 s - a potion of haste {unknown}
Comestibles
 c - 14 rations
 k - 3 chunks of flesh


   Skills:
 + Level 0.4 Fighting
 - Level 1.0 Short Blades
 + Level 0.1 Armour
 + Level 4.8 Dodging
 - Level 5.0 Stealth
 - Level 5.0 Spellcasting
 + Level 5.7 Conjurations
 - Level 2.0 Hexes
 + Level 1.2 Earth Magic
 - Level 1.0 Evocations


You had one spell level left.
You knew the following spells:

 Your Spells              Type           Power        Failure   Level  Hunger
a - Magic Dart            Conj           ####         1%          1    None
b - Sandblast             Erth           ##....       6%          1    None
c - Searing Ray           Conj           ####..       1%          2    None
d - Dazzling Spray        Conj/Hex       ###...       6%          3    ##.....
e - Iskenderun's Mystic   Conj           ####....     10%         4    ####...
f - Fulminant Prism       Conj/Hex       ###.......   21%         4    ####...

Your spell library contained the following spells:

 Spells                   Type           Power        Failure   Level  Hunger
 Force Lance              Conj/Tloc      ###.....     30%         4    ####...


Dungeon Overview and Level Annotations

Branches:
Dungeon (5/15)
 Temple: D:4-7

Altars:
Kikubaaqudgha
Qazlal
Vehumet

Shops:
D:4 [

Annotations:
D:5 Grinder


Message History

Beogh smites you!
* * * LOW HITPOINT WARNING * * *
The orc closely misses you.
Okay, then.
You feel better. The orc completely misses you.
Casting: Sandblast (safe; 6% risk of failure)
Confirm with . or Enter, or press ? or * to list all spells.
Aiming: Searing Ray (safe; 1% risk of failure)
Press: ? - help, Shift-Dir - straight line, f/p - orc
Aim: an orc, wearing a +0 leather armour The searing ray hits the orc.
The orc is heavily wounded. (Press . to maintain the ray.)
The orc completely misses you.
The searing ray hits the orc.
You kill the orc!
Vehumet accepts your kill.
The orc priest invokes the aid of Beogh against you.
Beogh smites you!
You die...

########
#<.....###
##.......##
####..#..#
##.##.#
#.##.#####
#.##..@5o#
#.######.#
#.# ..# #.#
#.# #.# ..
.#. ###


You could see Grinder and an orc priest.

Vanquished Creatures
  An ogre (D:4)
  An orc wizard (D:5)
  2 orc priests (D:4)
  A centaur skeleton (D:3)
  A hound (D:4)
  A bullfrog skeleton (D:4)
  A worker ant (D:4)
  8 gnolls (D:4)
  7 adders
  An ooze (D:4)
  2 worms
  2 dart slugs
  6 leopard geckos
  7 orcs
  3 ball pythons
  11 bats
  5 giant cockroaches
  6 goblins
  8 hobgoblins
  6 jackals
  2 quokkas
  4 frilled lizards
  7 kobolds
  8 rats
101 creatures vanquished.

Vanquished Creatures (others)
  A frilled lizard (D:2)
  A plant (D:2)
2 creatures vanquished.

Grand Total: 103 creatures vanquished

Notes
Turn   | Place    | Note
-------+----------+-------------------------------------------
     0 | D:1      | Gildeon the Deep Elf Conjurer began the quest for the Orb.
     0 | D:1      | Reached XP level 1. HP: 10/10 MP: 6/6
   144 | D:1      | Reached XP level 2. HP: 15/15 MP: 4/8
   153 | D:1      | Learned a level 2 spell: Searing Ray
   632 | D:1      | Reached XP level 3. HP: 15/19 MP: 5/10
   712 | D:1      | Learned a level 3 spell: Dazzling Spray
  1191 | D:2      | Upgraded the game from 0.23-a0-344-ge122d05 to
                  | 0.23-a0-356-g1757c6e
  1248 | D:2      | Reached XP level 4. HP: 22/24 MP: 8/11
  1260 | D:2      | Learned a level 4 spell: Iskenderun's Mystic Blast
  1262 | D:2      | Found an ancient bone altar of Kikubaaqudgha.
  1611 | D:2      | Found a radiant altar of Vehumet.
  1637 | D:2      | Became a worshipper of Vehumet
  1948 | D:3      | Reached skill level 5 in Conjurations
  1948 | D:3      | Reached skill level 1 in Hexes
  2027 | D:3      | Found a stormy altar of Qazlal.
  2334 | D:3      | Reached XP level 5. HP: 28/28 MP: 13/13
  2839 | D:4      | Reached skill level 1 in Short Blades
  3098 | D:4      | Noticed an ogre
  3110 | D:4      | Killed an ogre
  3110 | D:4      | Reached XP level 6. HP: 9/32 MP: 10/15
  3355 | D:4      | Reached * piety under Vehumet
  3355 | D:4      | Offered knowledge of Sandblast by Vehumet.
  3365 | D:4      | Learned a level 1 spell: Sandblast
  3719 | D:4      | Reached skill level 1 in Evocations
  3723 | D:4      | Reached skill level 5 in Spellcasting
  3836 | D:4      | Learned a level 4 spell: Fulminant Prism
  3849 | D:4      | Found Syqevoj's Antique Armour Shop.
  4140 | D:4      | Reached skill level 5 in Stealth
  4199 | D:4      | Reached skill level 1 in Earth Magic
  4383 | D:5      | Entered Level 5 of the Dungeon
  4400 | D:5      | Noticed Grinder
  4409 | D:5      | Reached XP level 7. HP: 34/36 MP: 2/16
  4424 | D:5      | Killed from afar by an orc priest

Vault maps used:
D:1:      giann_forest_graveyard, hangedman_glass_teeth, minmay_close_crescents
D:2:      marbit_many_paths, fiery_altar_vehumet, serial_bayou,
          serial_bayou_pond_e, serial_bayou_shore_a, serial_bayou_shore_b,
          serial_bayou_pond_e, grunt_decor_one_mirror
D:3:      first_ration, nicolae_qazlal_general_emergency
D:4:      serial_shops, shop
D:5:      chequers_serial_rivers_micro_c, makhleb_heckhound_becter, uniq_grinder

Skill      XL: |  1  2  3  4  5  6 |
---------------+-------------------+-----
Stealth        | 3 4 5 |  5.0
Dodging        | 3 4 |  4.8
Spellcasting   | 4 5 |  5.0
Conjurations   | 5 |  5.7
Hexes          | 1 2 |  2.0
Short Blades   | 1 |  1.0
Evocations     | 1 |  1.0
Earth Magic    | 1 |  1.2
Fighting       | |  0.4
Armour         | |  0.1

Action                   |  1- 3 |  4- 6 |  7- 9 || total
-------------------------+-------+-------+-------++-------
Melee: Short sword       |     6 |       |       ||     6
       Unarmed           |     6 |       |       ||     6
       Dagger            |     1 |    13 |     4 ||    18
 Cast: Magic Dart        |    69 |    91 |       ||   160
       Searing Ray       |       |     7 |     1 ||     8
       Sandblast         |       |    45 |     4 ||    49
       Iskenderun's Myst |       |     2 |       ||     2
  Use: Scroll            |     5 |     5 |       ||    10
       Potion            |       |     1 |     4 ||     5
 Stab: Sleeping          |     4 |     6 |       ||    10
  Eat: Chunk             |     1 |     6 |       ||     7
       Ration            |       |     1 |       ||     1
Armor: Robe              |     8 |    12 |       ||    20
Dodge: Dodged            |    26 |    71 |    10 ||   107

Table legend:
 A = Non-vault XP
 B = Vault XP
 C = Vault XP percentage of total XP
 D = Non-vault monster count
 E = Vault monster count
 F = Vault count percentage of total count
                 A         B        C        D         E       F
            +---------+---------+-------+---------+---------+-------
      Total |     756 |       7 |   0.9 |      97 |       4 |   4.0
            +---------+---------+-------+---------+---------+-------
        D:1 |      47 |       6 |  11.3 |      28 |       3 |   9.7
        D:2 |      89 |       1 |   1.1 |      28 |       1 |   3.4
        D:3 |      55 |       0 |   0.0 |       9 |       0 |   0.0
        D:4 |     515 |       0 |   0.0 |      28 |       0 |   0.0
        D:5 |      50 |       0 |   0.0 |       4 |       0 |   0.0
            +---------+---------+-------+---------+---------+-------
